 Dungeon Crawl Stone Soup version 0.30.1 (webtiles) character file.

Game seed: 9235067858442657320

513280 Peloso the Minotaur Barricade (level 23, -2/234 HPs)
             Began as a Minotaur Fighter on July 8, 2023.
             Was the Champion of Okawaru.
             Slain by an emperor scorpion (10 damage)
             ... summoned by a royal mummy
             ... led by Khufu
             ... while paralysed by a vampire knight
             ... on level 1 of the Crypt on July 9, 2023.
             The game lasted 03:08:43 (64957 turns).

Peloso the Minotaur Barricade (Minotaur Fighter)   Turns: 64957, Time: 03:08:43

Health: -2/234     AC: 58    Str: 33    XL:     23   Next: 64%
Magic:  33/33      EV:  2    Int: 13    God:    Okawaru [******]
Gold:   5790       SH:  0    Dex: 17    Spells: 22/22 levels left

rFire   + + .        c - +8 double sword (holy)
rCold   + + .        d - +5 kite shield "Dekemmio" {rF+ rC+}
rNeg    + + .        o - +14 crystal plate armour of Ennui {rF+ rN+ rCorr Str+2}
rPois   .            K - +2 hat
rElec   +            r - +2 cloak of the Barber Surgeon {Will+ Dex+3}
rCorr   +            v - +2 pair of gloves {hurl}
SInv    .            O - +4 pair of boots of the Three of Wands {Rampage Will+ Int+2}
Will    +....        T - amulet of regeneration Stlth
                     y - ring of Liberty {rN+ MP+9}
HPRegen 1.39/turn    Z - ring "Hayps" {rElec rC+ Str+3 Int+6}
MPRegen 0.23/turn

%: rampage
@: paralysed, weak-willed, slowed, studying Conjurations, unable to read
A: horns 2, retaliatory headbutt, camouflage 1, inability to read after injury 1
}: 4/15 runes: decaying, serpentine, slimy, silver
a: Renounce Religion, Heroism, Finesse, Duel


You were on level 1 of the Crypt.
You worshipped Okawaru.
Okawaru was exalted by your worship.
You visited 10 branches of the dungeon, and saw 45 of its levels.
You visited the Abyss 1 time.
You also visited: Sewer, Ossuary, Ice Cave and Desolation.

You collected 7184 gold pieces.
You spent 1394 gold pieces at shops.

Inventory:

Hand Weapons
 a - the +11 long sword of Sanump {flame, rPois Will+ Str+3}
   (You found it on level 1 of the Dungeon)

   Str:       It affects your strength (+3).
   rPois:     It protects you from poison.
   Will:      It increases your willpower.
 b - a +9 spectral double sword
 c - a +8 double sword of holy wrath (weapon)
Armour
 d - the +5 kite shield "Dekemmio" (worn) {rF+ rC+}
   (Okawaru gifted it to you on level 12 of the Dungeon)

   rF:        It protects you from fire.
   rC:        It protects you from cold.
 j - a +1 tower shield of reflection
 o - the +14 crystal plate armour of Ennui (worn) {rF+ rN+ rCorr Str+2}
   (You acquired it on level 3 of the Snake Pit)

   Str:       It affects your strength (+2).
   rF:        It protects you from fire.
   rN:        It protects you from negative energy.
   rCorr:     It protects you from acid and corrosion.
 p - the +0 pair of gloves of Impressiveness {Rampage rElec rCorr Int-2}
   (Okawaru gifted it to you on level 1 of the Crypt)

   Int:       It affects your intelligence (-2).
   rElec:     It insulates you from electricity.
   rCorr:     It protects you from acid and corrosion.
   Rampage:   It bestows one free step when moving towards enemies.
 r - the +2 cloak of the Barber Surgeon (worn) {Will+ Dex+3}
   (You found it on level 14 of the Dungeon)

   Dex:       It affects your dexterity (+3).
   Will:      It increases your willpower.
 v - a +2 pair of gloves of hurling (worn)
 K - a +2 hat (worn)
 O - the +4 pair of boots of the Three of Wands (worn) {Rampage Will+ Int+2}
   (Okawaru gifted it to you on level 1 of the Lair of Beasts)

   Int:       It affects your intelligence (+2).
   Rampage:   It bestows one free step when moving towards enemies.
   Will:      It increases your willpower.
Jewellery
 f - the ring of Ceone {rC+ Str+2 Dex+6}
   (You found it on level 5 of the Pits of Slime)

   [ring of dexterity]

   Str:       It affects your strength (+2).
   Dex:       It affects your dexterity (+6).
   rC:        It protects you from cold.
 w - a ring of flight
 y - the ring of Liberty (left hand) {rN+ MP+9}
   (You took it off an imperial myrmidon in the Desolation of Salt)

   [ring of magical power]

   rN:        It protects you from negative energy.
   MP:        It affects your magic capacity (+9).
 J - the ring "Xaynajev" {rC+ rCorr MP+9 Stlth+}
   (You took it off an ironbound convoker on level 5 of the Vaults)

   [ring of resist corrosion]

   rC:        It protects you from cold.
   MP:        It affects your magic capacity (+9).
   rCorr:     It protects you from acid and corrosion.
   Stlth:     It makes you more stealthy.
 S - a ring of see invisible
 T - an amulet of regeneration (around neck)
 Z - the ring "Hayps" (right hand) {rElec rC+ Str+3 Int+6}
   (You found it on level 13 of the Dungeon)

   [ring of intelligence]

   Str:       It affects your strength (+3).
   Int:       It affects your intelligence (+6).
   rC:        It protects you from cold.
   rElec:     It insulates you from electricity.
Wands
 B - a wand of digging (15)
 E - a wand of light (11)
 N - a wand of mindburst (9)
 P - a wand of flame (4)
Scrolls
 e - 22 scrolls of teleportation
 k - a scroll of identify
 m - 8 scrolls of fear
 u - a scroll of acquirement
 I - 6 scrolls of immolation
 U - 6 scrolls of magic mapping
Potions
 g - 4 potions of resistance
 h - 5 potions of berserk rage
 i - 21 potions of curing
 l - 9 potions of might
 n - 4 potions of invisibility
 s - a potion of mutation
 t - 2 potions of haste
 A - 12 potions of flight


   Skills:
 + Level 25.5 Fighting
 + Level 25.9 Long Blades
 + Level 22.7 Armour
 + Level 3.0 Dodging
 + Level 7.0 Stealth
 O Level 27 Shields
 + Level 3.0 Invocations
 + Level 2.4 Evocations


You had 22 spell levels left.
You didn't know any spells.
Your spell library contained the following spells:

 Spells                   Type           Power      Damage    Failure   Level
 Apportation              Tloc           0%         N/A       90%         1
 Beastly Appendage        Tmut           0%         N/A       90%         1
 Foxfire                  Conj/Fire      0%         2x1d4     90%         1
 Magic Dart               Conj           0%         1d3       90%         1
 Necrotise                Necr           0%         1d4       90%         1
 Slow                     Hex            0%         N/A       90%         1
 Sting                    Tmut/Pois      0%         1d3       90%         1
 Blink                    Tloc           0%         N/A       97%         2
 Cigotuvi's Dreadful Rot  Necr/Pois/Air  0%         N/A       97%         2
 Ensorcelled Hibernation  Hex/Ice        0%         N/A       97%         2
 Lesser Beckoning         Tloc           0%         N/A       97%         2
 Passwall                 Tmut/Erth      0%         N/A       97%         2
 Poisonous Vapours        Pois/Air       0%         N/A       97%         2
 Scorch                   Fire           0%         2d5       97%         2
 Searing Ray              Conj           0%         2d4       97%         2
 Wereblood                Tmut           0%         N/A       97%         2
 Confusing Touch          Hex            0%         N/A       99%         3
 Dazzling Flash           Conj/Hex       0%         N/A       99%         3
 Gell's Gravitas          Tloc           0%         N/A       99%         3
 Ignite Poison            Fire/Tmut/Pois 0%         N/A       99%         3
 Mephitic Cloud           Conj/Pois/Air  0%         N/A       99%         3
 Spider Form              Tmut/Pois      0%         N/A       99%         3
 Stone Arrow              Conj/Erth      0%         3d7       99%         3
 Swiftness                Air            0%         N/A       99%         3
 Teleport Other           Tloc           0%         N/A       99%         3
 Vampiric Draining        Necr           0%         2d6       99%         3
 Vhi's Electric Charge    Tloc/Air       0%         N/A       99%         3
 Cause Fear               Hex            0%         N/A       100%        4
 Flame Wave               Conj/Fire      0%         2d4       100%        4
 Fulminant Prism          Conj/Hex       0%         3d5       100%        4
 Manifold Assault         Tloc           0%         N/A       100%        4
 Olgreb's Toxic Radiance  Pois           0%         N/A       100%        4
 Petrify                  Tmut/Erth      0%         N/A       100%        4
 Sticky Flame             Conj/Fire      0%         2d3       100%        4
 Agony                    Necr           0%         N/A       100%        5
 Alistair's Intoxication  Tmut/Pois      0%         N/A       100%        5
 Arcjolt                  Conj/Air       0%         1d10      100%        5
 Blade Hands              Tmut           0%         N/A       100%        5
 Borgnjor's Vile Clutch   Necr/Erth      0%         N/A       100%        5
 Fireball                 Conj/Fire      0%         3d3       100%        5
 Silence                  Hex/Air        0%         N/A       100%        5
 Conjure Ball Lightning   Conj/Air       0%         3x3d6     100%        6
 Dispersal                Tloc           0%         N/A       100%        6
 Eringya's Noxious Bog    Tmut/Pois      0%         N/A       100%        6
 Dragon Form              Tmut           0%         N/A       100%        7
 Orb of Destruction       Conj           0%         9d5       100%        7
 Ozocubu's Refrigeration  Ice            0%         4d7       100%        7
 Storm Form               Tmut/Air       0%         N/A       100%        7
 Discord                  Hex            0%         N/A       100%        8
 Disjunction              Tloc           0%         N/A       100%        8
 Ignition                 Fire           0%         3d3       100%        8
 Lehudib's Crystal Spear  Conj/Erth      0%         10d2      100%        8
 Maxwell's Capacitive Co  Air            0%         ∞         100%        8
 Chain Lightning          Conj/Air       0%         N/A       100%        9
 Fire Storm               Conj/Fire      0%         5d1       100%        9
 Polar Vortex             Ice            0%         N/A       100%        9
 Shatter                  Erth           0%         3d5*      100%        9
 Summon Small Mammal      Summ           Unusable   N/A       N/A         1
 Call Imp                 Summ           Unusable   N/A       N/A         2
 Animate Armour           Summ/Erth      Unusable   N/A       N/A         4
 Animate Dead             Necr           Unusable   N/A       N/A         4
 Summon Lightning Spire   Summ/Air       Unusable   N/A       N/A         4
 Death Channel            Necr           Unusable   N/A       N/A         6
 Simulacrum               Ice/Necr       Unusable   N/A       N/A         6
 Summon Cactus Giant      Summ           Unusable   N/A       N/A         6
 Haunt                    Necr/Summ      Unusable   N/A       N/A         7
 Dragon's Call            Summ           Unusable   N/A       N/A         9

Dungeon Overview and Level Annotations

Branches:
Dungeon (15/15)            Temple (1/1) D:7            Lair (5/5) D:11
  Swamp (4/4) Lair:2        Snake (4/4) Lair:2        Slime (5/5) Lair:5
    Orc (2/2) D:9             Elf (3/3) Orc:2        Vaults (5/5) D:13
  Crypt (1/3) Vaults:3     Depths (0/4) D:15          Sewer (visited)
Ossuary (visited)           IceCv (visited)         Desolation (visited)

Altars:
Ashenzari
Cheibriados
Dithmenos
Elyvilon
Fedhas
Gozag
Kikubaaqudgha
Makhleb
Nemelex Xobeh
Okawaru
Qazlal
Sif Muna
Trog
Uskayaw
Wu Jian
Jiyva

Shops:
Orc:1 [   Orc:2 [*[(*   Elf:1 *[   Snake:1 **=?   Snake:2 =::   Vaults:2 [

Annotations:
D:12 Casa
Elf:2 3 runed translucent doors


Innate Abilities, Weirdness & Mutations

You have a pair of horns on your head.
You reflexively headbutt those who attack you in melee.
Your skin changes colour to match your surroundings (Stealth+).
You occasionally lose the ability to read scrolls when taking damage.


Message History

The death scarab drains your vigour!
You feel as though you will be slow longer.
The death scarab draws strength from your injuries!
Something hits you but does no damage. You block something's attack.
The death scarab bites you.
* * * LOW HITPOINT WARNING * * *
Something hits you but does no damage. Something bites you but does no damage.
The death scarab bites you but does no damage.
The phantasmal warrior hits you!!
* * * LOW HITPOINT WARNING * * *
The phantasmal warrior hits you!
* * * LOW HITPOINT WARNING * * *
Your willpower is stripped away!
You block the emperor scorpion's attack.
The emperor scorpion claws you but does no damage. x2
Something hits you but does no damage. Something bites you but does no damage.
Something unexpectedly blocked you, preventing you from rampaging!
You open something like a pillowcase!!! You headbutt something.
The death scarab barely misses you. You furiously retaliate!
You headbutt the death scarab!!
You destroy the death scarab!
The death scarab's corpse disappears in a puff of smoke!
You block the death scarab's attack. x2; Something draws life force from you.
* * * LOW HITPOINT WARNING * * *
The phantasmal warrior completely misses you.
You furiously retaliate!
You headbutt the phantasmal warrior!
You block the phantasmal warrior's attack.
The royal mummy calls on the powers of darkness!
The emperor scorpion convulses! x6; Your body is wracked with pain!
* * * LOW HITPOINT WARNING * * *
The emperor scorpion convulses! x3
Something unexpectedly blocked you, preventing you from rampaging!
You miss something. You headbutt something. The death scarab bites you.
* * * LOW HITPOINT WARNING * * *
The death scarab drains your vigour!
You feel as though you will be slow longer.
The death scarab waves its antennae.
You hear some strange, mumbled words.
You suddenly lose the ability to move!
The emperor scorpion stings you!
You die...

##...##...##...# #......
#...###.8.# #...
#......##..## #...# #..
#......#...# .....# ..
#......#>.8# ..>..#
#...BW.#...# .....#
#...MBs##..## #...# #.
#..BssMB#...###.8.# #..
#..Bsss@##...##...##...#
#...ss{WW##...........##
#....sBB..##.........##.
#..........##.......##..
#...........###...###...
#.#######.....#.8.#.....
# #.##..#.#+######
#.###.....# # #.#
####### #


You could see 2 royal mummies, 9 emperor scorpions, 3 phantasmal warriors and 7
death scarabs.

Vanquished Creatures
  Dissolution (Slime:3)
  the Royal Jelly (Slime:5)
  A dread lich (Vaults:4)
  3 ancient liches
  Khufu (Crypt:1)
  A royal mummy (Crypt:1)
  Sojobo (Crypt:1)
  Vashnia (Snake:3)
  Margery (Vaults:2)
  Xtahua (Vaults:3)
  Nikola (Snake:2)
  A golden dragon (Vaults:4)
  A hellephant (Abyss:2)
  A tentacled monstrosity (Vaults:4)
  Mlioglotl (Swamp:2)
  2 liches
  2 deep elf blademasters
  2 deep elf master archers (Elf:3)
  17 acid blobs
  3 titans
  Kirke (D:12)
  A sphinx (Vaults:4)
  Frances (D:14)
  Donald (Orc:2)
  6 tengu reavers
  2 shadow dragons
  3 storm dragons (Vaults:4)
  2 fenstrider witches (Swamp:4)
  8 nagarajas
  10 azure jellies
  2 thorn hunters (Swamp:4)
  5 fire giants
  10 rockslimes
  8 deep elf sorcerers
  3 iron dragons
  14 vault wardens
  4 frost giants
  Louise (Snake:3)
  An imperial myrmidon (Desolation)
  Aizul (Snake:3)
  7 deep elf elementalists (Elf:3)
  4 orc warlords
  5 ironbound thunderhulks
  3 ghouls
  14 quicksilver oozes
  18 ironbound preservers
  6 very ugly things
  2 war gargoyles
  3 vampire knights
  3 stone giants (Vaults:4)
  8 deep elf annihilators
  A deep elf demonologist (Elf:3)
  Nessos (D:13)
  4 eleionomae
  A halazid warlock (Desolation)
  A bunyip (shapeshifter) (Vaults:4)
  3 bunyips
  17 dire elephants
  8 deep elf death magi
  A white draconian (IceCv)
  4 crystal guardians
  2 entropy weavers (Vaults:4)
  3 fire dragons (Swamp:4)
  13 ragged hierophants (Desolation)
  8 yaktaur captains
  5 ettins
  Josephine (Orc:1)
  6 jiangshi
  A shambling mangrove (Swamp:2)
  6 deep elf high priests
  A salamander tyrant (Snake:2)
  9 great orbs of eyes
  A rakshasa (D:14)
  12 hydras
  6 servants of whispers (Desolation)
  11 ironbound frosthearts
  13 peacekeepers
  40 vault guards
  2 catoblepae
  2 ghost crabs
  An alligator (shapeshifter) (Vaults:4)
  5 boulder beetles
  9 naga warriors
  9 alligators
  15 centaur warriors
  11 anacondas
  3 death knights
  3 tengu warriors
  10 death yaks
  3 two-headed ogres
  9 dancing weapons
  A deep troll earth mage (Vaults:5)
  3 vampire magi (Crypt:1)
  A deep troll shaman (Lair:5)
  4 thrashing horrors (Abyss:2)
  3 shock serpents
  27 naga sharpshooters
  2 orc high priests
  A spriggan berserker (Swamp:4)
  Urug (D:13)
  5 hell knights
  7 deep elf knights
  A fire crab (Swamp:4)
  4 skeletal warriors (Crypt:1)
  9 salamander mystics
  A skyshark (Lair:2)
  6 goliath frogs
  39 deep trolls
  8 large abominations (Abyss:2)
  2 flayed ghosts
  7 spriggan druids
  The ghost of LavenderCorpse the Magician, a novice DjAE of Cheibriados (D:7)
  Lodul (D:13)
  15 deep elf archers
  9 swamp dragons
  2 glowing orange brains
  13 orc knights
  5 bog bodies
  9 naga ritualists
  An orange crystal statue (IceCv)
  5 wizards
  8 phantasmal warriors
  5 harpies (Vaults:1)
  8 lindwurms
  16 deep elf pyromancers
  A spriggan simulacrum (Snake:1)
  32 ironbound convokers
  A swamp dragon (shapeshifter) (D:14)
  18 deep elf zephyrmancers
  A wolf spider (D:13)
  A necromancer (Vaults:2)
  An oklob plant (Lair:2)
  5 shining eyes
  11 mana vipers
  A shining eye (shapeshifter) (D:14)
  8 orc sorcerers
  2 will-o-the-wisps
  A sphinx skeleton (Crypt:1)
  26 ugly things
  14 salamanders
  4 manticores
  A faun (shapeshifter) (Vaults:4)
  7 cyclopes
  A worldbinder (Abyss:2)
  10 elephants (Lair:5)
  2 torpor snails
  8 guardian serpents
  2 molten gargoyles (Desolation)
  37 black mambas
  19 naga magi
  21 vault sentinels
  An eye of devastation (shapeshifter) (Vaults:4)
  An eye of devastation (Slime:3)
  A gargoyle (D:10)
  An unseen horror (D:12)
  A swamp worm zombie (Crypt:1)
  A kobold demonologist (D:14)
  24 rime drakes
  A torpor snail (shapeshifter) (D:14)
  5 freezing wraiths
  8 cane toads
  23 yaktaurs
  10 komodo dragons
  An ancient zyme (Abyss:2)
  3 tengu conjurers (D:14)
  2 anaconda simulacra (Snake:1)
  7 trolls
  A queen bee (Lair:3)
  A hellwing (Abyss:2)
  A meliai (shapeshifter) (Vaults:5)
  13 hornets
  8 tyrant leeches
  17 polar bears
  A raiju (Abyss:2)
  3 meliai (D:15)
  71 saltlings
  Prince Ribbit (Lair:3)
  A hornet (shapeshifter) (D:15)
  A great orb of eyes zombie (Crypt:1)
  3 dream sheep (Lair:5)
  25 blink frogs
  45 slime creatures
  A culicivora (Vaults:5)
  13 spriggans
  2 water elementals (Elf:1)
  A shadow (D:10)
  An air elemental (Elf:1)
  A centaur simulacrum (D:14)
  A vampire (D:12)
  A culicivora (shapeshifter) (Vaults:1)
  11 wraiths
  2 ynoxinuls (Abyss:2)
  A spriggan (shapeshifter) (Vaults:4)
  A human (D:12)
  5 wyverns
  5 basilisks
  A basilisk (shapeshifter) (D:15)
  5 golden eyes
  2 hogs (D:12)
  A yak (shapeshifter) (Elf:1)
  46 yaks
  2 fire elementals
  2 redbacks (Vaults:4)
  16 vampire mosquitoes
  A neqoxec (Abyss:2)
  The ghost of AIAndy the Shooter, an amateur BaHu (D:4)
  5 steam dragons
  Menkaure (D:4)
  19 swamp worms
  Edmund (D:6)
  47 nagas
  4 wargs
  2 harpy simulacra (Snake:1)
  5 acid dragons
  22 water moccasins
  A floating eye (Slime:5)
  6 black bears
  11 swamp drakes
  38 orc warriors
  8 centaurs
  2 ice beasts
  2 sky beasts
  21 ogres
  26 wolves
  A dream sheep skeleton (Crypt:1)
  A phantom (D:5)
  3 kobold brigands
  16 bullfrogs
  5 small abominations (Abyss:2)
  2 wyvern zombies (Ossuary)
  2 gnoll sergeants
  An earth elemental (Elf:2)
  4 scorpions
  2 deep troll simulacra (Snake:1)
  A necrophage (Crypt:1)
  2 water moccasin zombies (Ossuary)
  4 wights (D:9)
  A lindwurm simulacrum (Snake:1)
  A howler monkey (D:6)
  31 killer bees
  3 electric eels
  2 jellies
  A lava snake (D:8)
  3 bullfrog zombies (Ossuary)
  5 centaur zombies (Ossuary)
  2 gnoll boudas
  2 hounds
  29 orc priests
  An iron imp (Abyss:2)
  A sleepcap (D:6)
  31 orc wizards
  Natasha (thrice) (D:4)
  4 iguanas
  Ijyb (D:4)
  A killer bee zombie (Ossuary)
  13 mummies (Ossuary)
  5 howler monkey zombies (Ossuary)
  16 gnolls
  14 adders
  3 river rats (Sewer)
  3 white imps
  2 ufetubi
  3 worms (D:3)
  2 dart slugs
  85 orcs
  3 endoplasms
  4 giant cockroaches
  10 goblins
  5 hobgoblins
  18 kobolds
  9 ball pythons
  A bat (D:2)
  6 frilled lizards
  A kobold zombie (D:6)
  15 rats
  A butterfly (Lair:3)
  A fire vortex (Swamp:4)
1938 creatures vanquished.

Vanquished Creatures (others)
  A frost giant (IceCv)
  A deep elf knight (Elf:2)
  2 naga magi
  A swamp drake skeleton (Crypt:1)
  2 orcs (Vaults:5)
  34 foxfires
  57 spectral weapons
  2 starspawn tentacles (Swamp:3)
100 creatures vanquished.

Grand Total: 2038 creatures vanquished

Notes
Turn   | Place    | Note
-------+----------+-------------------------------------------
     0 | D:1      | Peloso the Minotaur Fighter began the quest for the Orb.
     0 | D:1      | Reached XP level 1. HP: 19/19 MP: 0/0
   688 | D:1      | Identified the +11 long sword of Sanump {flame, rPois Will+
                  | Str+3}
   974 | D:2      | Reached XP level 2. HP: 25/27 MP: 1/1
  1053 | D:2      | Reached skill level 4 in Shields
  1195 | D:2      | Reached XP level 3. HP: 33/33 MP: 2/2
  1659 | D:3      | Reached XP level 4. HP: 29/40 MP: 3/3
  1689 | D:3      | Found a glowing drain.
  1708 | Sewer    | Entered a sewer
  1735 | Sewer    | Noticed a kobold brigand
  1750 | Sewer    | Killed a kobold brigand
  1751 | Sewer    | Reached skill level 5 in Armour
  1751 | Sewer    | Reached XP level 5. HP: 37/47 MP: 4/4
  1798 | Sewer    | Reached skill level 5 in Long Blades
  2018 | Sewer    | Reached XP level 6. HP: 42/55 MP: 5/5
  3157 | D:3      | Reached skill level 5 in Fighting
  3597 | D:4      | Noticed Menkaure
  3603 | D:4      | Killed Menkaure
  3721 | D:4      | Found a white marble altar of Elyvilon.
  3739 | D:4      | Reached skill level 1 in Dodging
  3739 | D:4      | Reached XP level 7. HP: 42/61 MP: 6/6
  3740 | D:4      | Noticed Natasha
  3746 | D:4      | Killed Natasha
  3855 | D:4      | Found an iron altar of Okawaru.
  3863 | D:4      | Became a worshipper of Warmaster Okawaru
  4021 | D:4      | Found a runed translucent gate.
  4021 | D:4      | Found a runed translucent gate.
  4021 | D:4      | Found a runed translucent gate.
  4024 | D:4      | Noticed AIAndy's ghost (amateur BaHu)
  4054 | D:4      | Noticed Natasha
  4066 | D:4      | Killed Natasha
  4298 | D:4      | Noticed Ijyb
  4304 | D:4      | Killed Ijyb
  4436 | D:4      | Noticed Natasha
  4440 | D:4      | Killed Natasha
  4450 | D:5      | Entered Level 5 of the Dungeon
  4529 | D:5      | Reached XP level 8. HP: 53/71 MP: 7/7
  4881 | D:5      | Reached * piety under Okawaru
  5286 | D:6      | Noticed Edmund
  5292 | D:6      | Killed Edmund
  5292 | D:6      | Reached ** piety under Okawaru
  5456 | D:6      | Found a sand-covered staircase.
  5466 | Ossuary  | Entered an ossuary
  5492 | Ossuary  | Reached XP level 9. HP: 79/79 MP: 8/8
  5526 | Ossuary  | Reached skill level 10 in Long Blades
  5702 | Ossuary  | Reached *** piety under Okawaru
  5928 | D:6      | Reached skill level 1 in Stealth
  6608 | D:7      | Identified the +6 arbalest of Fitot {freeze, +Blink rPois}
  6630 | D:7      | Found a transporter.
  6636 | D:7      | Found a transporter.
  6638 | D:7      | Noticed LavenderCorpse's ghost (novice DjAE)
  6640 | D:7      | Identified the +5 dire flail of Fate {heavy, Contam Int+2
                  | SInv}
  6653 | D:7      | Found a staircase to the Ecumenical Temple.
  6675 | D:7      | Reached **** piety under Okawaru
  6743 | D:7      | Reached XP level 10. HP: 90/90 MP: 9/9
  6784 | D:7      | Reached skill level 5 in Shields
  6786 | D:7      | Found a sparkling altar of Nemelex Xobeh.
  6915 | D:7      | Identified the +2 pair of boots "Foteehu" {*Slow Str+2
                  | Int+8}
  7267 | D:8      | Found the +4 robe of Augmentation {Str+4 Int+4 Dex+4}
  7360 | D:8      | Reached skill level 6 in Shields
  7627 | D:8      | Noticed a two-headed ogre
  7635 | D:8      | Killed a two-headed ogre
  7635 | D:8      | Reached ***** piety under Okawaru
  8251 | D:9      | Found a staircase to the Orcish Mines.
  8331 | D:9      | Reached skill level 7 in Shields
  8596 | D:9      | Reached skill level 10 in Armour
  8865 | D:10     | Entered Level 10 of the Dungeon
  8949 | D:10     | Received a gift from Okawaru
  9007 | D:10     | Reached XP level 11. HP: 99/99 MP: 10/10
  9308 | D:10     | Noticed a two-headed ogre
  9315 | D:10     | Killed a two-headed ogre
  9371 | D:10     | Found a shimmering blue altar of Sif Muna.
  9379 | D:10     | Reached skill level 10 in Fighting
  9513 | D:10     | Found a hide-covered altar of Uskayaw.
  9513 | D:10     | Found a snail-covered altar of Cheibriados.
  9519 | D:10     | Found a blossoming altar of Fedhas.
  9522 | D:10     | Found an ancient bone altar of Kikubaaqudgha.
  9533 | D:10     | Found an ornate altar of the Wu Jian Council.
  9550 | D:10     | Found an opulent altar of Gozag.
  9676 | D:11     | Found a staircase to the Lair.
  9710 | D:11     | Reached skill level 8 in Shields
 10180 | Lair:1   | Entered Level 1 of the Lair of Beasts
 10503 | Lair:1   | Reached skill level 15 in Long Blades
 10591 | Lair:1   | Reached ****** piety under Okawaru
 10592 | Lair:1   | Reached skill level 9 in Shields
 10636 | Lair:1   | Reached XP level 12. HP: 106/110 MP: 11/11
 10713 | Lair:1   | Identified the +4 pair of boots of the Three of Wands
                  | {Rampage Will+ Int+2} (Okawaru gifted it to you on level 1
                  | of the Lair of Beasts)
 10713 | Lair:1   | Received a gift from Okawaru
 11170 | Lair:1   | Noticed a boulder beetle
 11170 | Lair:1   | Noticed a catoblepas
 11329 | Lair:1   | Killed a catoblepas
 11413 | Lair:1   | Killed a boulder beetle
 11675 | Lair:1   | Found the +3 pair of seven-league boots {Rampage+∞}
 11927 | Lair:2   | Noticed a death yak
 11930 | Lair:2   | Noticed a death yak
 11931 | Lair:2   | Noticed a death yak
 11931 | Lair:2   | Noticed a death yak
 11933 | Lair:2   | Noticed a death yak
 11937 | Lair:2   | Killed a death yak
 11938 | Lair:2   | Reached skill level 10 in Shields
 11946 | Lair:2   | Killed a death yak
 11955 | Lair:2   | Killed a death yak
 11965 | Lair:2   | Killed a death yak
 11971 | Lair:2   | Killed a death yak
 12494 | Lair:2   | Found a staircase to the Snake Pit.
 12558 | Lair:2   | Received a gift from Okawaru
 12670 | Lair:2   | You fall into a shaft and drop 2 floors!
 12677 | Lair:4   | Reached XP level 13. HP: 119/122 MP: 12/12
 13242 | Lair:3   | Noticed Prince Ribbit
 13258 | Lair:3   | Killed Prince Ribbit
 13261 | Lair:3   | Reached skill level 11 in Shields
 14389 | Lair:3   | Identified a scroll of acquirement
 16240 | D:12     | Noticed Kirke
 16286 | D:12     | Killed Kirke
 16286 | D:12     | Identified the +5 kite shield "Dekemmio" {rF+ rC+} (Okawaru
                  | gifted it to you on level 12 of the Dungeon)
 16286 | D:12     | Received a gift from Okawaru
 16978 | Orc:1    | Entered Level 1 of the Orcish Mines
 17060 | Orc:1    | Reached skill level 12 in Shields
 17230 | Orc:1    | Found Lawoeg's Armour Emporium.
 17411 | Orc:2    | Entered Level 2 of the Orcish Mines
 17411 | Orc:2    | Found a burning altar of Makhleb.
 17416 | Orc:2    | Found a staircase to the Elven Halls.
 17939 | Orc:2    | Reached XP level 14. HP: 133/133 MP: 13/13
 18006 | Orc:2    | Found Decib's Overcharged Wands.
 18121 | Orc:2    | Noticed an orc warlord
 18146 | Orc:2    | Killed an orc warlord
 18259 | Orc:2    | Noticed Donald
 18274 | Orc:2    | Killed Donald
 18275 | Orc:2    | Reached skill level 15 in Armour
 18479 | Orc:2    | Found Obuxziekh's Assorted Antiques.
 18532 | Orc:2    | Found Wudoduox's Antique Weapon Shop.
 18575 | Orc:2    | Found Qagaihay's Antique Armour Boutique.
 18583 | Orc:2    | Bought a transparent falchion for 264 gold pieces
 18583 | Orc:2    | Identified the +2 falchion of the Imperium {protect, rC+
                  | Str+3 Int+3} (You bought it in a shop on level 2 of the
                  | Orcish Mines)
 18589 | Orc:2    | Bought an embroidered cloak for 225 gold pieces
 18766 | Orc:2    | Found Weihin's Armour Emporium.
 18897 | Orc:1    | Noticed Josephine
 18903 | Orc:1    | Killed Josephine
 18906 | Orc:1    | Reached skill level 13 in Shields
 19314 | D:13     | Noticed Nessos
 19348 | D:13     | Killed Nessos
 19348 | D:13     | Identified the +2 buckler of Memam {Harm} (Okawaru gifted
                  | it to you on level 13 of the Dungeon)
 19348 | D:13     | Received a gift from Okawaru
 19483 | D:13     | Reached skill level 15 in Fighting
 19554 | D:13     | Noticed Lodul
 19571 | D:13     | Killed Lodul
 19623 | D:13     | Noticed Urug
 19639 | D:13     | Killed Urug
 19954 | D:13     | Reached skill level 1 in Invocations
 19960 | D:13     | Reached skill level 14 in Shields
 19993 | D:13     | Found a gate to the Vaults.
 20400 | D:13     | Identified the ring "Hayps" {rElec rC+ Str+3 Int+6}
 20834 | Lair:2   | Found a staircase to the Swamp.
 21059 | Lair:5   | Entered Level 5 of the Lair of Beasts
 21573 | Lair:5   | Reached skill level 15 in Shields
 21717 | Lair:5   | Received a gift from Okawaru
 21718 | Lair:5   | Reached XP level 15. HP: 104/143 MP: 14/14
 21841 | Lair:5   | Found a shadowy altar of Dithmenos.
 21947 | Lair:5   | Found a viscous altar of Jiyva.
 21947 | Lair:5   | Found a staircase to the Slime Pits.
 22765 | Lair:5   | Found the +8 arc blade {discharge, rElec}
 23598 | D:14     | Identified the ring of Ezaq {rF+ MP+9 Int+5}
 23612 | D:14     | Reached skill level 1 in Evocations
 23658 | D:14     | Received a gift from Okawaru
 23712 | D:14     | Noticed Frances
 23726 | D:14     | Reached skill level 16 in Shields
 23734 | D:14     | Killed Frances
 23734 | D:14     | Gained mutation: You do not regenerate when monsters are
                  | visible. [a shining eye]
 24030 | D:14     | Noticed an ancient lich
 24059 | D:14     | Killed an ancient lich
 24305 | D:14     | Identified the +2 cloak of the Barber Surgeon {Will+ Dex+3}
 24333 | D:14     | Noticed a lich
 24342 | D:14     | Killed a lich
 25008 | D:12     | Lost mutation: You do not regenerate when monsters are
                  | visible. [potion of mutation]
 25008 | D:12     | Gained mutation: Your system is resistant to poisons.
                  | (rPois) [potion of mutation]
 25008 | D:12     | Gained mutation: Your muscles are strong. (Str +4, Int/Dex
                  | -1) [potion of mutation]
 25008 | D:12     | Gained mutation: Potions are less effective at restoring
                  | your health. [potion of mutation]
 25066 | D:15     | Entered Level 15 of the Dungeon
 25104 | D:15     | Identified the +2 robe of Koreb {rF+ Int+2} (Okawaru gifted
                  | it to you on level 15 of the Dungeon)
 25104 | D:15     | Received a gift from Okawaru
 25166 | D:15     | Noticed a fire giant
 25190 | D:15     | Killed a fire giant
 25553 | D:15     | Found a sparkling altar of Nemelex Xobeh.
 25646 | D:15     | Reached skill level 17 in Shields
 25647 | D:15     | Found a staircase to the Depths.
 25647 | D:15     | Noticed a frost giant
 25655 | D:15     | Killed a frost giant
 25664 | D:15     | Reached XP level 16. HP: 140/154 MP: 16/16
 25942 | Elf:1    | Entered Level 1 of the Elven Halls
 26035 | Elf:1    | Found Asuoreb's Gadget Gallery.
 26154 | Elf:1    | Paralysed by an air elemental for 1 turns
 26937 | Elf:1    | Found Fehiac's Armour Shop.
 27290 | Elf:2    | Identified the +5 great sword of Puckish Action {elec, rN++
                  | Will+ Str-4} (Okawaru gifted it to you on level 2 of the
                  | Elven Halls)
 27290 | Elf:2    | Received a gift from Okawaru
 27423 | Elf:2    | Identified the +1 helmet of Compression {+Blink Will-
                  | Int+6}
 27491 | Elf:2    | Found an ancient bone altar of Kikubaaqudgha.
 27606 | Elf:2    | Found a runed translucent gate.
 27609 | Elf:2    | Reached skill level 18 in Shields
 27939 | Elf:2    | Found a runed translucent gate.
 27940 | Elf:2    | Found a runed translucent gate.
 28367 | Swamp:1  | Entered Level 1 of the Swamp
 28912 | Swamp:1  | Received a gift from Okawaru
 29277 | Swamp:1  | Identified the +8 quarterstaff of Vucluap {drain, MP+9
                  | Dex+7}
 29433 | Snake:1  | Entered Level 1 of the Snake Pit
 29440 | Snake:1  | Found a frozen archway.
 29469 | IceCv    | Entered an ice cave
 29773 | IceCv    | Reached skill level 19 in Shields
 29958 | IceCv    | Reached XP level 17. HP: 156/163 MP: 17/17
 30041 | IceCv    | Received a gift from Okawaru
 30066 | IceCv    | Received a gift from Okawaru
 30113 | IceCv    | Identified the ring "Xun Soos" {Wiz rElec Str-3 Stlth+}
 30600 | Snake:1  | Found Typeephe's Jewellery Boutique.
 30610 | Snake:1  | Found Jempirph's Magic Scroll Boutique.
 30610 | Snake:1  | Found Erghuwoe's Assorted Antiques.
 30620 | Snake:1  | Found Fucaizam's General Store.
 30649 | Snake:1  | Bought a scroll of blinking for 120 gold pieces
 30662 | Snake:1  | Bought a scroll of brand weapon for 95 gold pieces
 30669 | Snake:1  | Bought a scroll of magic mapping for 225 gold pieces
 31953 | Snake:2  | Found Kyjuit's Jewellery Boutique.
 31953 | Snake:2  | Found Latuyvapu's Book Shoppe.
 31954 | Snake:2  | Found Paotiv's Book Shoppe.
 31956 | Snake:2  | Noticed Nikola
 31958 | Snake:2  | Reached skill level 20 in Shields
 31984 | Snake:2  | Killed Nikola
 32354 | Snake:2  | Acquired a +2 double sword of holy wrath
 32913 | Snake:2  | Identified the +1 chain mail of Irhoj {rElec Will+}
                  | (Okawaru gifted it to you on level 2 of the Snake Pit)
 32913 | Snake:2  | Received a gift from Okawaru
 33134 | Snake:2  | Identified the +1 robe "Hopnilos" {Regen+}
 33817 | D:12     | Acquired a +1 heavy double sword
 33966 | Snake:1  | Bought a scroll of enchant weapon for 75 gold pieces
 34920 | Snake:3  | Noticed Aizul
 34936 | Snake:3  | Killed Aizul
 35053 | Snake:3  | Reached XP level 18. HP: 134/174 MP: 13/18
 35057 | Snake:3  | Reached skill level 21 in Shields
 35402 | Snake:3  | Noticed Vashnia
 35449 | Snake:3  | Killed Vashnia
 35659 | Snake:3  | Noticed Louise
 35682 | Snake:3  | Killed Louise
 35689 | Snake:3  | Acquired the +14 crystal plate armour of Ennui {rF+ rN+
                  | rCorr Str+2}
 35866 | Snake:3  | Identified the +6 falchion of Defence by Offence {flame,
                  | *Rage rN+ Stlth+} (Okawaru gifted it to you on level 3 of
                  | the Snake Pit)
 35866 | Snake:3  | Received a gift from Okawaru
 36080 | Snake:4  | Entered Level 4 of the Snake Pit
 36859 | Snake:4  | Received a gift from Okawaru
 37835 | Snake:4  | Got a serpentine rune of Zot
 38130 | Swamp:2  | Reached skill level 22 in Shields
 39067 | D:4      | Killed AIAndy's ghost
 39187 | Temple   | Entered the Ecumenical Temple
 39259 | D:7      | Killed LavenderCorpse's ghost
 39259 | D:7      | Identified the +0 robe of the Dragonfruit {*Slow Str+3
                  | Int+2 Archmagi} (Okawaru gifted it to you on level 7 of the
                  | Dungeon)
 39259 | D:7      | Received a gift from Okawaru
 39704 | Elf:3    | Entered Level 3 of the Elven Halls
 40488 | Elf:3    | Reached XP level 19. HP: 163/185 MP: 19/19
 40521 | Elf:3    | Identified the amulet of Wogef {Faith rN+}
 40643 | Elf:3    | Got Lisch's Incunable of the Gift and the Arsonist
 40650 | Elf:3    | Identified the +8 quarterstaff "Luumeh" {heavy, Str+2
                  | Int+3}
 40676 | Elf:3    | Identified the staff of fire "Goid" {rElec rF+ Str+2}
 40730 | Elf:3    | Identified the +3 falchion "Duohe" {flame, rC- Str+7}
 40737 | Elf:3    | Identified the staff of air "Asoeg" {rElec Will+ Dex+2
                  | Stlth+}
 40748 | Elf:3    | Got Uqene's Incunable of Pestilent Summoning
 41801 | Swamp:3  | Noticed Mlioglotl
 42067 | Swamp:2  | Received a gift from Okawaru
 42090 | Swamp:2  | Reached skill level 23 in Shields
 42166 | Swamp:2  | Killed Mlioglotl
 42893 | Swamp:4  | Entered Level 4 of the Swamp
 43907 | Swamp:4  | Identified the +0 ring mail of Weirdness {Int+4}
 44025 | Swamp:4  | Got a decaying rune of Zot
 44079 | Swamp:4  | Identified the +0 kite shield of Fesh {Rampage *Corrode
                  | MP+9 Slay-2} (Okawaru gifted it to you on level 4 of the
                  | Swamp)
 44079 | Swamp:4  | Received a gift from Okawaru
 44877 | Vaults:1 | Entered Level 1 of the Vaults
 45298 | Vaults:1 | Reached skill level 24 in Shields
 46114 | Vaults:1 | Reached XP level 20. HP: 41/195 MP: 20/20
 46804 | Vaults:2 | Found a crumbling gateway.
 46830 | Desolati | Entered the Desolation of Salt
 46905 | Desolati | Received a gift from Okawaru
 47373 | Desolati | Identified the +10 morningstar "Ussiariynk" {spect, rF-
                  | Dex+7 Stlth+}
 47378 | Desolati | Identified the ring of Liberty {rN+ MP+9}
 47493 | Desolati | Reached skill level 25 in Shields
 48246 | Desolati | Identified the +1 morningstar of Miotecut {freeze, Int+2}
 48259 | Desolati | Got Giaxish's Tome of Talus and Topology
 48262 | Desolati | Got the Quarto of Limned Unhallowed Words
 48399 | Desolati | Got the Folio of the Scintillating Panacea
 48403 | Desolati | Got the Directory of Non-Euclidean Sculpting
 48500 | Desolati | Identified the +3 trident of the Red God {freeze, rF- rN+
                  | Stlth+}
 48610 | Vaults:2 | Received a gift from Okawaru
 49404 | Vaults:2 | Noticed Margery
 49416 | Vaults:2 | Killed Margery
 49902 | Vaults:2 | Reached XP level 21. HP: 188/206 MP: 21/21
 49979 | Vaults:2 | Found Anidilem's Armour Boutique.
 50929 | Vaults:2 | Reached skill level 26 in Shields
 50993 | Vaults:3 | Received a gift from Okawaru
 51712 | Vaults:3 | Found a staircase to the Crypt.
 51778 | Vaults:3 | Noticed Xtahua
 51787 | Vaults:3 | Killed Xtahua
 52283 | Vaults:4 | Identified the +0 kite shield of Hedging {rN+ Dex+3}
                  | (Okawaru gifted it to you on level 4 of the Vaults)
 52283 | Vaults:4 | Received a gift from Okawaru
 52739 | Vaults:4 | Reached skill level 5 in Stealth
 53942 | Snake:2  | Bought an amulet of regeneration for 390 gold pieces
 54403 | Vaults:5 | Entered Level 5 of the Vaults
 54457 | Abyss:2  | Cast into level 2 of the Abyss (vault guard)
 54683 | Abyss:2  | Found a corrupted altar of Lugonu.
 54683 | Abyss:2  | Found a corrupted altar of Lugonu.
 54683 | Abyss:2  | Found a corrupted altar of Lugonu.
 54779 | Abyss:2  | Gained mutation: Your magical capacity is low. (-10% MP) [a
                  | neqoxec]
 54781 | Abyss:2  | Gained mutation: Armour fits poorly on your strangely
                  | shaped body. [a neqoxec]
 54784 | Abyss:2  | Gained mutation: You are frail. (-10% HP) [a neqoxec]
 54944 | Abyss:2  | Noticed an ancient lich
 54955 | Abyss:2  | Killed an ancient lich
 54956 | Abyss:2  | Reached skill level 27 in Shields
 54959 | Vaults:4 | Escaped the Abyss
 55300 | Slime:1  | Entered Level 1 of the Pits of Slime
 55309 | Slime:1  | Reached XP level 22. HP: 196/198 MP: 20/20
 55434 | Slime:2  | Gained mutation: You occasionally lose the ability to drink
                  | potions when taking damage. [a shining eye]
 55594 | Slime:3  | Received a gift from Okawaru
 55813 | Slime:4  | Gained mutation: You are very frail. (-20% HP) [a shining
                  | eye]
 55841 | Slime:4  | Gained mutation: You sometimes lose your temper in combat.
                  | [a shining eye]
 55842 | Slime:4  | Noticed Dissolution
 55844 | Slime:4  | Gained mutation: You occasionally lose the ability to read
                  | scrolls when taking damage. [a shining eye]
 55849 | Slime:4  | Gained mutation: Your magical capacity is very low. (-20%
                  | MP) [a shining eye]
 55856 | Slime:4  | Paralysed by a floating eye for 2 turns
 55868 | Slime:3  | Killed Dissolution
 56185 | Slime:5  | Entered Level 5 of the Pits of Slime
 56187 | Slime:5  | Paralysed by a floating eye for 4 turns
 56626 | Slime:4  | Gained mutation: You sometimes lose the ability to read
                  | scrolls when taking damage. [a shining eye]
 56685 | Slime:5  | Noticed the Royal Jelly
 56698 | Slime:5  | Killed the Royal Jelly
 56698 | Slime:5  | Received a gift from Okawaru
 57081 | Slime:4  | HP: 7/176 [acid blob[the Royal Jelly] (17)]
 57468 | Slime:5  | Found the +10 morningstar "Eos" {elec, Halo rElec}
 57490 | Slime:5  | Identified the +2 pair of boots of the Doldrums {*Slow
                  | rPois rF+ rC+}
 57494 | Slime:5  | Identified the ring of Ceone {rC+ Str+2 Dex+6}
 57525 | Slime:5  | Got the Enchiridion on the Unstable Tropics
 57585 | Slime:5  | Got a slimy rune of Zot
 58479 | D:12     | Lost mutation: Your muscles are strong. (Str +4, Int/Dex
                  | -1) [potion of mutation]
 58479 | D:12     | Lost mutation: You sometimes lose your temper in combat.
                  | [potion of mutation]
 58479 | D:12     | Lost mutation: Your magical capacity is very low. (-20% MP)
                  | [potion of mutation]
 58480 | D:12     | Lost mutation: Your magical capacity is low. (-10% MP)
                  | [potion of mutation]
 58480 | D:12     | Lost mutation: You sometimes lose the ability to read
                  | scrolls when taking damage. [potion of mutation]
 58480 | D:12     | Gained mutation: Your body sometimes deteriorates upon
                  | taking damage. [potion of mutation]
 58480 | D:12     | Gained mutation: You have a pair of large horns on your
                  | head. [potion of mutation]
 58484 | D:12     | Lost mutation: You are very frail. (-20% HP) [potion of
                  | mutation]
 58484 | D:12     | Lost mutation: Potions are less effective at restoring your
                  | health. [potion of mutation]
 58484 | D:12     | Gained mutation: Your magical capacity is low. (-10% MP)
                  | [potion of mutation]
 58485 | D:12     | Lost mutation: You occasionally lose the ability to read
                  | scrolls when taking damage. [potion of mutation]
 58485 | D:12     | Lost mutation: Your body sometimes deteriorates upon taking
                  | damage. [potion of mutation]
 58485 | D:12     | Gained mutation: You have large cloven feet. [potion of
                  | mutation]
 58485 | D:12     | Gained mutation: Your mind is acute. (Int +4, Str/Dex -1)
                  | [potion of mutation]
 58486 | D:12     | Lost mutation: You are frail. (-10% HP) [potion of
                  | mutation]
 58486 | D:12     | Lost mutation: Armour fits poorly on your strangely shaped
                  | body. [potion of mutation]
 58486 | D:12     | Lost mutation: Your system is resistant to poisons. (rPois)
                  | [potion of mutation]
 58486 | D:12     | Lost mutation: Your magical capacity is low. (-10% MP)
                  | [potion of mutation]
 58495 | D:12     | Lost mutation: Your mind is acute. (Int +4, Str/Dex -1)
                  | [potion of mutation]
 58495 | D:12     | Lost mutation: You occasionally lose the ability to drink
                  | potions when taking damage. [potion of mutation]
 58499 | D:12     | Lost mutation: You have large cloven feet. [potion of
                  | mutation]
 58499 | D:12     | Lost mutation: You have a pair of large horns on your head.
                  | [potion of mutation]
 58499 | D:12     | Gained mutation: You occasionally lose the ability to read
                  | scrolls when taking damage. [potion of mutation]
 58499 | D:12     | Gained mutation: Your skin changes colour to match your
                  | surroundings (Stealth+). [potion of mutation]
 59105 | Vaults:5 | Noticed a dread lich
 59108 | Vaults:5 | Noticed a golden dragon
 59118 | Vaults:4 | Killed a dread lich
 59261 | Vaults:4 | Killed a golden dragon
 59466 | Vaults:5 | Identified the +6 falchion "Dragonbane" {flame, rElec rF-
                  | rC++ rCorr}
 59470 | Vaults:5 | Noticed an ancient lich
 59786 | Vaults:5 | Identified the +3 glaive of Xile {flame, rC+ rCorr}
 61266 | Vaults:4 | Killed an ancient lich
 61266 | Vaults:4 | Identified the +1 ring mail of the Tarantula {+Blink rF+++
                  | Regen+ Dex-5} (Okawaru gifted it to you on level 4 of the
                  | Vaults)
 61266 | Vaults:4 | Received a gift from Okawaru
 61267 | Vaults:4 | Reached XP level 23. HP: 138/225 MP: 23/23
 62988 | Vaults:5 | Got a silver rune of Zot
 63060 | Vaults:5 | Identified the +9 morningstar "Uqasiuff" {freeze, Fly MP+9
                  | Int-3 Stlth+}
 63372 | Vaults:5 | Identified the ring "Xaynajev" {rC+ rCorr MP+9 Stlth+}
 63548 | Vaults:5 | Identified the +7 battleaxe of Vargho {freeze, Str+6
                  | Stlth+}
 64307 | Crypt:1  | Entered Level 1 of the Crypt
 64373 | Crypt:1  | Noticed Sojobo
 64399 | Crypt:1  | Paralysed by an air elemental for 1 turns
 64413 | Crypt:1  | Paralysed by an air elemental for 1 turns
 64429 | Crypt:1  | HP: 11/234 [air elemental[Sojobo] (6)]
 64431 | Crypt:1  | Paralysed by an air elemental for 1 turns
 64605 | Crypt:1  | Killed Sojobo
 64811 | Crypt:1  | Identified the +0 pair of gloves of Impressiveness {Rampage
                  | rElec rCorr Int-2} (Okawaru gifted it to you on level 1 of
                  | the Crypt)
 64811 | Crypt:1  | Received a gift from Okawaru
 64931 | Crypt:1  | Noticed a royal mummy
 64934 | Crypt:1  | Noticed Khufu
 64936 | Crypt:1  | Noticed a royal mummy
 64937 | Crypt:1  | Noticed a royal mummy
 64942 | Crypt:1  | Killed a royal mummy
 64948 | Crypt:1  | HP: 11/234 [death scarab[Khufu] (3)]
 64953 | Crypt:1  | Killed Khufu
 64953 | Crypt:1  | HP: 9/234 [torment (3)]
 64953 | Crypt:1  | HP: 3/234 [royal mummy/divine providence[Khufu] (7)]
 64957 | Crypt:1  | Paralysed by something for 2 turns
 64957 | Crypt:1  | Slain by an emperor scorpion

Illustrated notes

Levels and vault maps discovered:
D:1:      elethiomel_arrival_quiet, layout_loops_ring, serial_glass,
          glass_columns_b, glass_columns_b, kennysheep_pointless_box,
          nrook_mini_backslash, nrook_loot_triangle,
          chequers_serial_rivers_marsh
D:2:      layout_rooms, minmay_strange_pillars, hangedman_decor_clover_reticule,
          hex_tiny
D:3:      layout_loops_ring, cheibrodos_sewer_entry_bend,
          kennysheep_generic_room_3
D:4:      layout_basic, kennysheep_okawaru_gauntlet, elyvilon_altar_1,
          biasface_ghost_orc_armoury, uniq_menkaure, uniq_ijyb, uniq_natasha
D:5:      layout_loops_cross
D:6:      minmay_opposing_rooms, layout_loops_ring, enter_ossuary_3, uniq_edmund
D:7:      layout_basic, lemuel_tele_altar, minmay_temple_entry_arrows,
          gammafunk_ghost_smash
D:8:      layout_cave_pools, nicolae_kite_square_tiling_tiny
D:9:      cheibrodos_helix_gallery, layout_irregular_city, erik_orc_4,
          serial_glass, glass_columns_a, glass_columns_b
D:10:     layout_loops_cross, nicolae_overflow_hallway_of_the_gods,
          nicolae_sif_muna_condensation, minmay_misc_feat_doors
D:11:     layout_basic, due_lair_maze_entry_diamond
D:12:     layout_grid_maze, uniq_kirke
D:13:     layout_basic, erik_vaults_2, uniq_urug, uniq_nessos, uniq_lodul
D:14:     minmay_the_grid_4x2 [minmay_the_grid_paths,
          minmay_the_grid_minigrid_small, minmay_the_grid_garden,
          minmay_the_grid_plusring, minmay_the_grid_tri_star,
          minmay_the_grid_spikes, minmay_the_grid_eight,
          minmay_the_grid_prize_four_corners], layout_gridville,
          hangedman_decor_points, serial_co_window_serial,
          co_window_of_opportunity_a, co_window_paths_a,
          co_window_of_opportunity_a, co_window_corner_a, co_window_paths_a,
          co_window_unsneaky_path_a, co_window_broadway_c, co_window_corner_cb,
          co_window_paths_c, glass_columns_a, glass_columns_a, uniq_frances
D:15:     grunt_enter_depths_snipers, layout_cave_pools,
          nemelex_lonely_heart_becter
Temple:   hellmonk_temple_forest_ring
Lair:1:   layout_gridlike, hellmonk_guarded_unrand_seven_league_boots,
          grunt_megastairs_2, infiniplex_staircase_pool_2
Lair:2:   layout_concentric_octagons, minmay_swamp_entry_worms,
          dummy_snake_entry, forest_entry_grove
Lair:3:   layout_layer_cave, special_room [special_room_bee],
          lemuel_fruit_fields, grunt_megastairs_1, uniq_prince_ribbit2
Lair:4:   layout_cave_pods, serial_bayou_shore_b
Lair:5:   grunt_lair_end_beastmaster, layout_regular_city,
          dpeg_slime_entry_enclosed, basic_altar
Swamp:1:  layout_basic_swamp, evilmike_swamp_ruin_wall, swamp_pool3,
          nicolae_swamp_oxbows, infiniplex_staircase_pool
Swamp:2:  layout_basic_swamp, nicolae_swamp_fairy_circle
Swamp:3:  layout_falls_marsh, evilmike_swamp_ruin_rubble_2, uniq_mlioglotl
Swamp:4:  swamp_fiery, layout_basic_swamp, swamp_pool1
Snake:1:  kennysheep_six_static_rooms, layout_misc_corridors,
          portal_ice_cave_entry_ice_simulacra, minmay_shoptagon
Snake:2:  layout_gridlike, serial_corexii_hall, corexii_hall_statues_i,
          corexii_hall_statues_i, st_stairs_1, nicolae_coiled_stairwell_down,
          minmay_shop_grove, grunt_megastairs_3, serial_bayou_shore_b,
          uniq_nikola
Snake:3:  layout_onion, uniq_aizul, uniq_vashnia, uniq_louise
Snake:4:  johnstein_snake_rune_scales, layout_cave_shapes, drop_trap,
          nicolae_snake_gridmaze_waves, nicolae_snake_squiggles
Slime:1:  layout_caves
Slime:2:  layout_caves
Slime:3:  cheibrodos_slime_lost_civilization_9, layout_caves
Slime:4:  layout_caves, cheibrodos_slime_lost_civilization_4, uniq_dissolution
Slime:5
Orc:1:    layout_caves, serial_shops, shop, guppyfry_library_mini,
          uniq_josephine
Orc:2:    grunt_orc_community_town_hall, layout_caves,
          grunt_orc_community_big_house_2, grunt_orc_community_big_house_2,
          grunt_orc_community_house_1, grunt_orc_community_house_2,
          grunt_orc_community_house_1, grunt_orc_community_house_2,
          grunt_orc_community_house_2, grunt_orc_community_house_2, basic_altar,
          hellmonk_bongcloud_opening, nicolae_shop_overcharged_wands,
          uniq_donald
Elf:1:    layout_gridlike, serial_shops, shop_statue, minivault_28,
          nicolae_shop_gadgets
Elf:2:    nicolae_elf_blades_splatter_lattice
          [nicolae_blade_entry_area_security], layout_loops_cross,
          serial_sigils, serial_sigils_hangedman_quiver,
          serial_sigils_hangedman_scar, serial_sigils_hangedman_scratch,
          basic_altar, dreamdust_wishing_well, lemuel_flamethrower_3
Elf:3:    grunt_elf_hall_spiral, layout_loops_corners
Vaults:1: v_alt_pattern_4, vaults_room_semicircle,
          nicolae_vaults_doubleplus_tesselated, nicolae_vaults_whirlpool_walls,
          vaults_room_grid, v_misc_28, nicolae_vaults_tetromino_L_1,
          nicolae_vaults_network_barrier, v_misc_15,
          nicolae_vaults_tetromino_L_2, nicolae_vaults_double_plus_1,
          grunt_vaults_hallway_short, vaults_dpeg_hooks,
          nicolae_vaults_sealed_display, layout_vaults_omnicross
Vaults:2: portal_desolation_entry_salt, hangedman_vaults_capsules,
          nicolae_vaults_closet_pinwheel_2, nicolae_vaults_cochlea, v_pattern_3,
          grunt_vaults_funneled_arena, nicolae_vaults_little_ls,
          nicolae_vaults_closet_pinwheel_2, v_alt_pattern_6,
          vaults_mumra_chevron_long, nicolae_vaults_tangram_2,
          ontoclasm_vaults_ring_small, nicolae_vaults_wrenched,
          layout_vaults_maze_snakey, serial_shops, nicolae_shop_statue_plus,
          uniq_margery
Vaults:3: minmay_crypt_entry_simple_round, nicolae_vaults_little_squares_1,
          ontoclasm_vaults_ring_square, special_room_vaults [special_room_orc],
          v_misc_17, v_pattern_1, grunt_vaults_diagonal,
          nicolae_vaults_offset_grid_hallway_3, layout_vaults_big_room,
          uniq_xtahua
Vaults:4: v_misc_4, nicolae_vaults_puzzle_piece, v_misc_17,
          nicolae_vaults_shrinking_rooms_1, hangedman_vaults_cutoff,
          ontoclasm_vaults_misaligned, v_misc_15,
          nicolae_vaults_stairing_the_circle, nicolae_vaults_diamond_2,
          v_rooms_5, nicolae_vaults_little_squares_2,
          nicolae_vaults_shelves_hall, vaults_dpeg_ring,
          nicolae_vaults_trapezoid_2, layout_vaults_ring
Vaults:5: serial_shops
Crypt:1:  layout_chaotic_city, grunt_crypt_arrival_split, grunt_megastairs_5,
          uniq_sojobo, uniq_khufu

Skill      XL: |  1  2  3  4  5  6  7  8  9 10 11 12 13 14 15 16 17 18 19 20 21 22 23 |
---------------+----------------------------------------------------------------------+-----
Shields        | 4 7 9 10 12 15 17 19 20 22 24 25 27 | 27.0
Armour         | 4 5 6 7 8 10 11 13 14 15 16 17 18 19 20 21 22 | 22.7
Fighting       | 4 5 6 7 8 9 11 13 14 15 16 17 18 20 21 23 24 25 | 25.5
Long Blades    | 3 4 5 6 7 9 12 13 15 16 17 18 19 20 21 22 23 25 | 25.9
Dodging        | 1 2 3 |  3.0
Stealth        | 1 2 3 4 5 6 7 |  7.0
Invocations    | 1 2 3 |  3.0
Evocations     | 1 2 |  2.4

Action                     |  1- 3 |  4- 6 |  7- 9 | 10-12 | 13-15 | 16-18 | 19-21 | 22-24 || total
---------------------------+-------+-------+-------+-------+-------+-------+-------+-------++-------
  Melee: Long sword        |    57 |   110 |   247 |   569 |  1392 |  1471 |   395 |       ||  4241
         Headbutt          |     3 |    19 |    45 |   155 |   339 |   461 |   559 |   305 ||  1886
         Punch             |       |     1 |     4 |       |       |       |       |       ||     5
         Double sword      |       |       |       |       |       |   228 |  1283 |   817 ||  2328
 Invoke: Heroism           |       |       |       |     1 |     8 |     3 |     5 |    11 ||    28
  Evoke: Wand              |       |       |     2 |     3 |     6 |     6 |     7 |     6 ||    30
    Use: Scroll            |     8 |     1 |     8 |     5 |     7 |    20 |     6 |     5 ||    60
         Potion            |       |       |       |       |     3 |     7 |     5 |    19 ||    34
   Stab: Petrified         |       |       |       |       |     5 |       |       |       ||     5
         Petrifying        |       |       |       |       |     2 |       |       |       ||     2
         Distracted        |       |       |       |       |       |     6 |    20 |    21 ||    47
         Confused          |       |       |       |       |       |       |     2 |       ||     2
 Armour: Scale mail        |    17 |       |       |       |       |       |       |       ||    17
         Chain mail        |    17 |    54 |   156 |    74 |       |       |       |       ||   301
         Crystal plate arm |       |       |       |   418 |   790 |   748 |   955 |   684 ||  3595
  Dodge: Dodged            |    28 |    45 |   127 |   203 |   245 |   325 |   416 |   262 ||  1651
  Block: Buckler           |     1 |       |    35 |   187 |    86 |       |       |       ||   309
         Kite shield       |       |       |       |       |   916 |  1652 |  1824 |  1007 ||  5399
